[Event "FIDE WTC-KO 202"]
[Site "Jerusalem"]
[Date "2022.11.24"]
[Round "5.1"]
[White "Vidit, Santosh Gujrathi"]
[Black "Yakubboev, Nodirbek"]
[Result "0-1"]
[ECO "D02"]
[WhiteElo "2662"]
[BlackElo "2563"]
[Annotator "TA"]
[PlyCount "87"]
[EventDate "2022.11.20"]
[EventType "team-tourn"]
[EventCountry "ISR"]
[SourceTitle "playchess.com"]
[Source "ChessBase"]
[SourceQuality "1"]
[TimeControl "2700+10"]

1. d4 Nf6 2. Nf3 d5 3. Bf4 c5 4. e3 Nc6 5. Nbd2 e6 6. c3 Bd6 7. Bg3 O-O 8. Bd3 Qe7 9. Ne5 Nd7 10. Nxd7 {[%emt 0:04:35] D02: 1 d4 d5 2 Nf3 sidelines, including 2...Nf6 3 g3 and 2...Nf6 3 Bf4.} ({Much worse is} 10. Qh5 g6 11. Nxc6 bxc6 $11) 10... Qxd7 11. O-O b6 12. Bxd6 {[%emt 0:05:51] White has an edge.} (12. Qh5 {is interesting.} g6 13. Qh3 a5 14. Rad1) 12... Qxd6 13. f4 {[%emt 0:00:05] [#]} Bd7 $146 ({Predecessor:} 13... f5 14. Nf3 c4 15. Bc2 b5 16. a3 a5 17. g4 Bd7 18. Ne5 Nxe5 19. fxe5 Qe7 20. gxf5 exf5 {½-½ (69) Grischuk,A (2781)-Hammer,J (2677) Stavanger 2015}) 14. a3 a5 15. Qh5 {[%emt 0:05:13][%csl Gd3][%cal Rh5h7] [#]} f5 16. g4 g6 17. Qh4 fxg4 18. Qxg4 cxd4 19. exd4 Rf6 20. Rf2 Raf8 21. Raf1 Ne7 22. Qg5 Nf5 23. Rf3 Ng7 24. Qe5 Qe7 25. Nb3 Nf5 26. Nc1 Nd6 27. Qg5 (27. Ne2 $11) 27... Qf7 28. Qe5 Nc4 29. Bxc4 dxc4 30. Qc7 {[%emt 0:00:13][%csl LRb6,LRc4] Prevents Bc6.} Rc8 31. Qb7 Qe8 {[%emt 0:00:43] aiming for ...Bc6.} 32. Qxb6 Bc6 {[%emt 0:00:36] And now ...Rb8 would win.} 33. R3f2 Rf5 34. d5 $1 Rxd5 35. Ne2 Rb8 $36 {[%emt 0:00:02][%mdl 2048] Keeping White busy.} 36. Qe3 Rd3 {[%emt 0:00:18] Prevents Nd4. Black is more active.} (36... Rxb2 {simplifies} 37. Nd4 Rxf2 38. Qxf2 Rh5) 37. Qc5 (37. Qe5 $17) 37... Rxb2 {[%emt 0:00:39] ...Bd5 is the strong threat.} 38. Nd4 {[%emt 0:00:45] White does not recover from this.} (38. Qxc4 $17 Bb5 39. Qc5) 38... Rxf2 $19 39. Kxf2 Bd5 40. Rb1 Qd8 {[%emt 0:00:12] Prevents Qc7. ( -> ...Qh4+)} ({Stronger than} 40... Rxc3 41. Qc7 Qf7 42. Rb8+ Kg7 43. Qe5+ Kh6 44. Qg5+ Kg7 45. Qe5+ Kh6 46. Qg5+ Kg7 47. Qe5+ $11) 41. Ke2 {[%emt 0:00:44] Strongly threatening Qa7.} Kg7 (41... Rxc3 $142 42. Qb6 Qh4 43. Qb8+ Kf7 44. Qc7+ Qe7) 42. Rb7+ (42. Rd1 $142 Qh4 43. Rxd3 cxd3+ 44. Kxd3) 42... Kh6 $1 {[%emt 0:00:01] Chess con chili.} (42... Bxb7 $2 43. Nxe6+ (43. Qxc4 $2 {loses.} Rxd4 44. cxd4 Bd5 $19) 43... Kg8 44. Nxd8 Rxd8 45. Qe7 $18) 43. Re7 {[%emt 0:00:32] [#]} (43. Qe7 $19 Qxe7 44. Rxe7) 43... Qb8 44. Qc7 {[%emt 0:00:38] Weighted Error Value: White=0.40/Black=0.18 (very precise)} 0-1

[Event "FIDE WTC-KO 202"]
[Site "Jerusalem"]
[Date "2022.11.24"]
[Round "5.1"]
[White "Anton Guijarro, David"]
[Black "Xu, Xiangyu"]
[Result "1/2-1/2"]
[ECO "B22"]
[WhiteElo "2633"]
[BlackElo "2574"]
[Annotator "TA"]
[PlyCount "67"]
[EventDate "2022.11.20"]
[EventType "team-tourn"]
[EventCountry "ISR"]
[SourceTitle "playchess.com"]
[Source "ChessBase"]
[SourceQuality "1"]
[TimeControl "2700+10"]

1. e4 c5 2. Nf3 e6 3. c3 Nf6 4. e5 Nd5 5. d4 cxd4 6. cxd4 b6 7. Bd2 Bb7 $1 {[%emt 0:00:09] 7...Bb7 is better than 7...Be7. B22: Sicilian: 2 c3.} 8. Bd3 {[%emt 0:02:19] [#]} d6 $146 ({Predecessor:} 8... Be7 9. h4 Na6 10. Nc3 Nac7 11. Qe2 Nxc3 12. Bxc3 Nd5 13. Bd2 Rc8 14. a3 h6 15. g4 {0-1 (26) Szpar,M (2434)-Martin Duque,J (2424) Chess.com INT 2022}) 9. Nc3 Nd7 {[%emt 0:03:03] The position is equal.} 10. Ne4 dxe5 11. Nxe5 Nxe5 12. dxe5 Be7 (12... Nb4 {with more complications.} 13. Bb5+ Bc6 14. Qe2 Qd5) 13. Qa4+ Kf8 $1 14. Rd1 Qc7 15. f4 g6 16. Rc1 Qd8 17. Nd6 Bxd6 18. exd6 Qxd6 19. Qd4 f6 20. Be4 Kg7 21. O-O Rac8 22. a3 Rxc1 23. Rxc1 Rc8 24. Rxc8 Bxc8 25. Kf2 Kf7 (25... Bb7 {simplifies} 26. Bxd5 Qxd5 27. Qxd5 Bxd5 28. Bc3 Kf7) 26. g3 Qc5 27. Qxc5 bxc5 28. Bxd5 exd5 $15 {[%emt 0:00:02][%mdl 4096] Endgame KB-KB} 29. b4 cxb4 30. Bxb4 Bh3 31. Bc3 a6 32. Ke3 Ke6 33. Bd4 h5 34. Bc3 {[%emt 0:00:03] Weighted Error Value: White=0.10 (very precise) /Black=0.09 (flawless)} 1/2-1/2

[Event "FIDE WTC-KO 202"]
[Site "Jerusalem"]
[Date "2022.11.24"]
[Round "5.1"]
[White "Lu, Shanglei"]
[Black "Santos Latasa, Jaime"]
[Result "1-0"]
[ECO "C02"]
[WhiteElo "2627"]
[BlackElo "2622"]
[Annotator "TA"]
[PlyCount "103"]
[EventDate "2022.11.20"]
[EventType "team-tourn"]
[EventCountry "ISR"]
[SourceTitle "playchess.com"]
[Source "ChessBase"]
[SourceQuality "1"]
[TimeControl "2700+10"]

1. e4 e6 2. d4 d5 3. e5 c5 4. c3 Nc6 5. Nf3 Qb6 6. a3 Nh6 7. Bd3 cxd4 8. cxd4 Bd7 9. Bc2 Nf5 10. Bxf5 exf5 11. Nc3 Be6 12. b4 {[%emt 0:00:01] C02: French: Advance Variation.} h6 13. h4 Be7 14. Qd3 {[%emt 0:00:02] [#] The position is equal.} a6 $146 ({Predecessor:} 14... O-O 15. Bd2 Rfc8 16. Ne2 a6 17. O-O Na7 18. g3 Rc4 19. Qe3 Nb5 20. Rfb1 Bd7 21. Be1 Qd8 {1-0 (77) Crielesi,G (2326)-Jung,R (2309) ICCF email 2018}) 15. Be3 O-O 16. O-O Rac8 17. Rfc1 Qd8 18. Na4 Rc7 19. Nc5 Qc8 20. Bd2 Nb8 21. Na4 Nd7 22. Rxc7 Qxc7 23. Rc1 Qb8 24. Qc3 Bd8 25. Nc5 Nb6 26. Bf4 Be7 {[%emt 0:00:41] [#] This move loses the game for Black.} ({Black should try} 26... Kh7 $14) 27. Nxe6 $1 $18 fxe6 28. Qc7 Qxc7 29. Rxc7 Bd8 (29... Kf7 $142) 30. Rxb7 {[%emt 0:00:02] And now Ra7 would win.} Nc4 31. a4 a5 32. Bd2 Rf7 $2 (32... Re8 {might work better.} 33. b5 Kf8) 33. Rb8 Rf8 34. h5 Bb6 35. Rxf8+ Kxf8 36. bxa5 Bxa5 37. Bxa5 Nxa5 {[%emt 0:00:01][%mdl 4096] Endgame KN-KN} 38. Kf1 Ke7 39. Ke2 Nc4 40. Nd2 {[%emt 0:00:57] [#] Threatens to win with Nxc4.} Nb2 41. a5 Kd7 42. Nb3 Na4 43. Nc5+ {[%emt 0:00:10] White mates.} Nxc5 44. dxc5 {[%emt 0:00:01] KP-KP} Kc6 45. a6 Kc7 46. Kd3 Kc6 47. Kd4 Kc7 48. Kc3 Kc6 49. Kb4 Kc7 50. Kb5 f4 51. f3 Kc8 52. c6 {[%emt 0:00:07] Weighted Error Value: White=0.02 (flawless) /Black=0.40} 1-0

[Event "FIDE WTC-KO 202"]
[Site "Jerusalem"]
[Date "2022.11.24"]
[Round "5.1"]
[White "Narayanan, S.L."]
[Black "Vokhidov, Shamsiddin"]
[Result "1-0"]
[ECO "D38"]
[WhiteElo "2588"]
[BlackElo "2471"]
[Annotator "TA"]
[PlyCount "87"]
[EventDate "2022.11.20"]
[EventType "team-tourn"]
[EventCountry "ISR"]
[SourceTitle "playchess.com"]
[Source "ChessBase"]
[SourceQuality "1"]
[TimeControl "2700+10"]

1. d4 Nf6 2. c4 e6 3. Nf3 d5 4. Nc3 Bb4 5. cxd5 exd5 6. Bg5 h6 7. Bh4 O-O {[%emt 0:00:02] D38: Queen's Gambit Declined: Ragozin Defence (4 Nf3 Bb4).} 8. e3 Bf5 9. Qb3 Bxc3+ {[%emt 0:00:04] The position is equal.} 10. Qxc3 c6 11. Nd2 Nbd7 12. Be2 Ne4 13. Bxd8 Nxc3 14. bxc3 Rfxd8 15. a4 c5 16. Nf1 (16. g4 $5 Bg6 17. f4 $11) 16... Rac8 17. Ng3 Bg6 18. Kd2 cxd4 19. exd4 {[%emt 0:00:04] [#]} Nb6 $146 ({Predecessor:} 19... Nf6 20. Bf3 Rc7 21. a5 Kf8 22. h4 Ne8 23. h5 Bh7 24. Nf1 Rdc8 25. Rc1 Nd6 {1-0 (55) David,A (2424)-Gavrilescu,D (2451) Bucharest 2019}) 20. a5 Nc4+ 21. Bxc4 dxc4 22. f3 Rd5 23. Ne4 {[%emt 0:00:55] Against Rcc5} f5 24. Ng3 f4 25. Ne4 Rc6 26. Rhe1 Rh5 27. h3 Bxe4 28. fxe4 $11 {[%emt 0:00:03][%mdl 4096] Endgame KRR-KRR} Rg6 29. Re2 {[%emt 0:01:18] Threatens to win with e5.} Rhg5 30. e5 Rxg2 {[%emt 0:00:03] aiming for ...R6g3.} 31. Rf1 Kf7 $2 {[%emt 0:04:19] [#]} (31... R6g3 $11 {and Black is okay.} 32. Rxf4 Rd3+ 33. Ke1 Rg1+ 34. Kf2 Rh1) 32. Rxf4+ $2 (32. d5 $1 $18) 32... Ke6 33. Rf8 {[%emt 0:01:15] Hoping for Re8+.} Rxe2+ 34. Kxe2 {[%emt 0:00:01] And now Re8+ would win. KR-KR} Rg3 35. Re8+ Kd7 (35... Kd5 $11 {keeps the balance.}) 36. Rb8 $16 Kc7 37. Rg8 Kd7 38. h4 ({Better is} 38. Kd2 $16) 38... Ke6 (38... Rxc3 $11 {remains equal.} 39. Rxg7+ Ke6) 39. Re8+ Kf5 $2 {[%emt 0:01:36][%mdl 8192] [#] This costs Black the game.} (39... Kd5 $16 {is tougher.}) 40. d5 $1 $18 {[%emt 0:00:55] Strongly threatening e6. White is clearly winning.} Rxc3 (40... Rd3 $142 41. d6 g5) 41. e6 {[%emt 0:00:02] White wants to mate with e7.} Ke5 42. Rd8 Kf6 {[%emt 0:00:16] Prevents e7.} 43. Rf8+ Ke7 44. Rf7+ {[%emt 0:00:03][%mdl 64] Skewer, Double Attack.   Weighted Error Value: White=0.30/Black=0.38} 1-0

[Event "FIDE WTC-KO 202"]
[Site "Jerusalem"]
[Date "2022.11.24"]
[Round "5.1"]
[White "Sindarov, Javokhir"]
[Black "Nihal, Sarin"]
[Result "1-0"]
[ECO "C50"]
[WhiteElo "2554"]
[BlackElo "2616"]
[Annotator "TA"]
[PlyCount "103"]
[EventDate "2022.11.20"]
[EventType "team-tourn"]
[EventCountry "ISR"]
[SourceTitle "playchess.com"]
[Source "ChessBase"]
[SourceQuality "1"]
[TimeControl "2700+10"]

1. e4 e5 2. Nf3 Nc6 3. Bc4 Bc5 4. Nc3 Nf6 5. d3 d6 6. Na4 Bb6 {[%emt 0:00:05] C50: Hungarian Defence and Giuoco Pianissimo.} 7. a3 h6 8. h3 O-O {[%emt 0:00:24] The position is equal.} 9. O-O Be6 10. Bxe6 $5 {[%emt 0:00:06][%mdl 4] The modern move. Exploring less charted territory.} fxe6 11. b4 Qe8 12. c3 {[%emt 0:00:59] [#]} Ne7 $146 ({Predecessor:} 12... Nh5 13. Nxb6 axb6 14. Be3 Nf4 15. Kh2 Qh5 16. Ng1 Qxd1 17. Rfxd1 Ra4 18. Bc1 Nh5 {0-1 (87) Tari,A (2654)-Anand,V (2751) Stavanger 2022}) 13. Re1 Ng6 14. Ra2 Rd8 15. Nxb6 axb6 16. a4 Qf7 17. Nh2 Kh7 (17... d5 $5 ) 18. g3 Qd7 (18... d5 {with more complications.} 19. Qe2 c5 20. Ng4 Nxg4 21. hxg4 Qf3) 19. c4 d5 20. Rd2 Rf7 21. Qc2 c5 22. b5 $1 Qd6 23. Kg2 Rdf8 24. Qd1 Qd7 25. Rf1 (25. Qe2 {looks sharper.} Qd6 26. Ra2 Ng8 27. Rf1) 25... Rd8 26. Qe2 Ra8 27. Qd1 Rd8 $1 (27... dxe4 28. dxe4 Qe8 29. Qc2 $16) 28. Qc2 Qe8 29. Re2 dxe4 (29... Qf8 $14) 30. dxe4 $16 Rfd7 31. Re3 Nh5 32. Kg1 Qf7 33. Nf3 Kg8 34. Kh2 Nf6 35. Bb2 Qf8 36. Bc3 (36. Nxe5 Nxe5 37. Bxe5 Rd2 $15) 36... Nh7 37. Qe2 (37. Nxe5 Nxe5 38. Bxe5 Rd2 $11) (37. a5 {simplifies} bxa5 38. Bxa5 Ra8 39. Bc3) 37... Qf6 38. Kg2 Ng5 39. Nh2 {[%emt 0:00:02][%cal Of2f4] And now f4! would win.} Nf7 40. h4 Nf8 41. Ng4 Qg6 42. h5 (42. Bxe5 $2 h5 43. Bc3 hxg4 $19) 42... Qg5 43. f4 Qe7 (43... exf4 $2 44. gxf4 Qe7 45. Rg3 $18) 44. f5 $36 {[%emt 0:00:02][%mdl 2048] f6 is the strong threat. White is in control. White is much more active.} ({Don't play} 44. Nxe5 $6 Nxe5 45. fxe5 (45. Bxe5 $2 Rd2 $19) 45... Nh7 $11) (44. Bxe5 $2 Rd2 45. Rf2 Rxe2 $19) (44. fxe5 Ra8 $11) 44... Nh7 {[%emt 0:00:06] Prevents f6.} 45. f6 (45. Nxe5 $2 {loses.} Nxe5 46. Kg1 (46. Bxe5 $2 Rd2 $19) 46... Qd6 $19) (45. Rf2 $14) 45... Nxf6 $2 (45... gxf6 $11 {and Black has nothing to worry.} 46. Ref3 Kg7) 46. Nxf6+ $18 gxf6 {[%emt 0:00:01] [#]} 47. Ref3 $1 Ng5 48. Rxf6 Rd3 $2 (48... Kh7 49. Qg4 (49. Bxe5 $2 Rd2 $19) 49... Rg8 50. Bxe5 Rd2+ 51. Kh1 Qd7) 49. Qe1 (49. Bxe5 $2 {too greedy.} Rd2 $19) 49... Kh7 50. Bxe5 Rg8 51. Qe2 Qd7 {[%emt 0:00:11] [#]} (51... Rgd8 $18) 52. Qxd3 $3 {[%emt 0:00:09][%mdl 512] Weighted Error Value: White=0.18 (very precise) /Black=0.43} 1-0

[Event "FIDE WTC-KO 202"]
[Site "Jerusalem"]
[Date "2022.11.24"]
[Round "5.1"]
[White "Vakhidov, Jakhongir"]
[Black "Sasikiran, Krishnan"]
[Result "1/2-1/2"]
[ECO "A20"]
[WhiteElo "2507"]
[BlackElo "2577"]
[Annotator "TA"]
[PlyCount "114"]
[EventDate "2022.11.20"]
[EventType "team-tourn"]
[EventCountry "ISR"]
[SourceTitle "playchess.com"]
[Source "ChessBase"]
[SourceQuality "1"]
[TimeControl "2700+10"]

1. c4 e5 2. g3 c6 3. Nf3 e4 4. Nd4 d5 5. cxd5 Qxd5 6. Nc2 {[%emt 0:00:05][%cal Bd4c2,Bc2e1,Be1d3,Bd3f4][%mdl 32] A20: English Opening: 1...e5.} Nf6 7. Nc3 Qe5 8. Bg2 Na6 9. O-O Be7 10. Ne1 O-O 11. d4 exd3 12. Nxd3 {[%emt 0:00:02] [#]} Qa5 $146 ({Predecessor:} 12... Qh5 13. e4 Rd8 14. Qxh5 Nxh5 15. Rd1 Be6 16. Be3 Nf6 17. Nf4 Ng4 18. Rxd8+ Bxd8 19. Nxe6 fxe6 {½-½ (44) Yakubboev,N (2656)-Najer,E (2676) Poikovsky 2022}) 13. Bd2 Qd8 14. Qc2 Bf5 15. e4 Be6 16. Rfd1 Qc8 17. Nf4 Rd8 18. Rac1 (18. Nce2 $16) 18... Bc5 (18... Nb4 $11 19. Qa4 Nd3) 19. a3 Bg4 20. Re1 Qd7 21. Nb1 (21. Be3 {simplifies} Bxe3 22. Rxe3 Nc7 23. h3) 21... Nh5 (21... Qd4 $2 22. Be3 Qd6 23. Bxc5 $18) 22. b4 Bb6 23. Nxh5 Bxh5 24. Bc3 Nc7 25. Qb2 Ne6 26. Kh1 f6 27. a4 a6 (27... a5 $5 ) 28. Na3 Ng5 29. f4 Nh3 (29... Nf3 $11 30. Rf1 Qd3) 30. Rf1 $1 $14 Bg4 31. e5 ({White should play} 31. Nc4 $16 Bd4 32. e5) 31... fxe5 {[%emt 0:00:45] [#]} (31... Qf7 $1 $15 {keeps the upper hand.}) 32. Nc4 $1 $16 Bd4 33. Nxe5 (33. fxe5 $6 Bxc3 34. Qxc3 (34. Rxc3 Rf8 $11) 34... Qd4 $11) 33... Bxe5 34. Bxe5 h5 35. f5 {[%emt 0:00:23] White is more active.} Re8 (35... Qd2 $16) 36. f6 $36 {[%emt 0:00:06][%mdl 2048] White is on the roll.} gxf6 (36... Ng5 $16) 37. Rxf6 Re6 38. Qa2 {[%emt 0:00:39] Strongly threatening Rcf1.} Rf8 {[%emt 0:00:11] Hoping for ...Rfxf6.} 39. Rxf8+ (39. Rh6 $18 {and the rest is easy. Threatening mate with Rh8+.} Rf2 40. Qc4 (40. Rh8+ Kf7 $11) 40... Rxg2 41. Rh8+ Kf7 42. Rh7+ (42. Kxg2 $2 Qd2+) 42... Ke8 43. Rxd7) 39... Kxf8 $16 40. Rf1+ Ke8 41. b5 Ng5 $2 (41... cxb5 $16 42. Bb8 (42. Qa3 Qe7 $15) 42... Be2 43. Bxh3 Bc4) 42. bxc6 bxc6 {[%emt 0:00:02] [#]} 43. Qb3 $1 {[%emt 0:00:12] Threatens to win with Qb8+.} Nf7 44. Qb8+ (44. Bg7 $18) 44... Qd8 45. Qxd8+ ({And not} 45. Qb4 Rxe5 46. Bxc6+ Bd7 $15) 45... Nxd8 46. Bf4 Re2 47. h3 ({Better is} 47. Bg5 $16) 47... Be6 (47... Bf5 $1 $14) 48. Kg1 Ra2 49. Re1 {[%emt 0:00:04] Bg5 is the strong threat.} Kf7 (49... Kd7 $11 {and Black stays safe.}) 50. Rd1 Nb7 51. Bxc6 Nc5 52. Rf1 Kg6 53. Be3 {[%emt 0:00:06] A strong pair of Bishops.} Rc2 (53... Nb3 $16 54. Be8+ Kg7) 54. Rc1 $2 (54. Be8+ $18 Kg7 55. Bxh5) 54... Rxc1+ $11 55. Bxc1 Bxh3 56. Be3 Bd7 $1 57. Bxc5 Bxc6 {[%emt 0:00:01] Weighted Error Value: White=0.39/Black=0.32} 1/2-1/2

[Event "FIDE WTC-KO 202"]
[Site "Jerusalem"]
[Date "2022.11.24"]
[Round "5.1"]
[White "Bai, Jinshi"]
[Black "Shirov, Alexei"]
[Result "1-0"]
[ECO "D11"]
[WhiteElo "2498"]
[BlackElo "2590"]
[Annotator "TA"]
[PlyCount "73"]
[EventDate "2022.11.20"]
[EventType "team-tourn"]
[EventCountry "ISR"]
[SourceTitle "playchess.com"]
[Source "ChessBase"]
[SourceQuality "1"]
[TimeControl "2700+10"]

1. d4 d5 2. c4 c6 3. Nf3 Nf6 4. Qc2 g6 5. Bf4 Na6 6. e3 Bf5 7. Qb3 $1 Nb4 {[%emt 0:00:02] D11: Slav Defence: 3 Nf3 sidelines and 3...Nf6 4 e3 Bg4.} 8. Qxb4 e5 $1 9. Qxb7 Rb8 {[%emt 0:00:02] White is slightly better.} 10. Qxc6+ Bd7 11. Qa6 exf4 12. Nc3 (12. Qxa7 fxe3 13. fxe3 Bb4+ 14. Nc3 O-O $19) 12... fxe3 13. fxe3 {[%emt 0:00:04] [#]} (13. Qxa7 $2 Rxb2 14. O-O-O Rxf2 $19) 13... Bh6 $146 {[%emt 0:00:42] Hoping for ...0-0.} ({Predecessor:} 13... Qe7 14. Be2 Bh6 15. O-O O-O 16. Rae1 Rxb2 17. Nd1 Bc8 18. Qa5 Rb6 19. c5 Re6 {½-½ (49) Salzmann,S (2354)-Perina,G (2320) ICCF email 2020}) 14. Qa3 $1 (14. Nxd5 Nxd5 15. cxd5 O-O $17) (14. cxd5 O-O 15. e4 (15. Qxa7 Re8 $19) 15... Rxb2 $17) 14... Bxe3 ({Black should play} 14... a5) 15. Ke2 $1 $16 (15. Nxd5 $6 Nxd5 16. cxd5 Qe7 $14) (15. cxd5 Qb6 $11) 15... Bf4 16. Re1 $1 (16. Qxa7 $2 Qe7+ 17. Kd1 Rxb2 18. Qa8+ (18. Nxd5 $2 Nxd5 19. Qa8+ Rb8 $19) 18... Rb8 $19) (16. Nxd5 Nxd5 17. cxd5 Qf6 $11) (16. g3 $6 Bh6 $16) 16... Be6 17. Kd1 (17. Qxa7 $2 Rxb2+ 18. Kd1 O-O $19) 17... dxc4 (17... a5 $16 {might work better.}) 18. Bxc4 $18 (18. Qxa7 $2 O-O 19. Rxe6 fxe6 20. Bxc4 Rxb2 $19) (18. g3 Bd6 19. Qa4+ Kf8 20. Rxe6 fxe6 $11) 18... Qe7 19. Qxe7+ Kxe7 20. g3 Bh6 21. Re2 (21. b3 $1 $18) 21... Rhc8 $16 {[%emt 0:01:42] Inhibits d5.} 22. Bxe6 fxe6 23. Rhe1 Kf7 (23... Kf8 $142) 24. Kc2 (24. Rxe6 Rxb2 $15) 24... Nd5 25. Ne5+ (25. Rxe6 $6 Nb4+ 26. Kd1 Nd3 27. Ne5+ (27. Re7+ Kg8 $15) 27... Kxe6 $11) 25... Kg8 26. a3 $1 Rc7 {[%emt 0:03:08] Prevents Nd7.} (26... Bg7 $16) 27. Kd3 $18 Bf8 {[%emt 0:01:57] [#]} 28. Rc1 ({Better is} 28. Rc2 $1 $18) 28... Bg7 $16 29. Rcc2 {[%emt 0:03:14] aiming for Nxd5.} Rb3 {[%emt 0:01:24] [#]} 30. Nc4 $1 $36 {[%emt 0:02:00][%mdl 2048] White is in control.} Rd7 31. Na5 (31. Rxe6 $2 {loses.} Nxc3 32. Ne5 (32. Rxc3 $2 {too greedy.} Rxd4+ 33. Kc2 Rxc3+ 34. bxc3 Rxc4 $19) 32... Nb5+ 33. Kc4 Rc7+ 34. Kxb3 Nxd4+ 35. Ka2 Nxc2 $19) (31. Nd2 {simplifies} Nxc3 32. Nxb3 Nxe2 33. Kxe2 Kf7 34. Ke3) 31... Rb6 (31... Nxc3 $16 32. Nxb3 Nxe2 33. Kxe2 (33. Rxe2 e5 $16) 33... Kf7) 32. Nxd5 $18 Rxd5 (32... exd5 $142 33. Rc8+ Bf8) 33. Rc8+ Kf7 34. Rc7+ Kf6 $2 (34... Kf8) 35. Nc6 {[%emt 0:00:41] And now Ne5 would win. White is clearly winning.} Bh6 (35... Kg5 $142 36. Rxe6 Kf5) 36. Ne5 Ra6 37. h4 {[%emt 0:00:32] Weighted Error Value: White=0.17 (very precise) /Black=0.32} 1-0